 Dungeon Crawl Stone Soup version 0.29.1-12-g30fa7ad0bf (webtiles) character file.

Game seed: 15518801112641023614

705 croobank the Conjurer (level 7, -5/53 HPs)
             Began as a Demonspawn Conjurer on Jan 6, 2023.
             Was an Initiate of Gozag.
             Shot with an arrow by a centaur (16 damage)
             ... on level 5 of the Dungeon.
             The game lasted 00:13:22 (5127 turns).

croobank the Conjurer (Demonspawn Conjurer)         Turns: 5127, Time: 00:13:22

Health: -5/53      AC:  2    Str:  8    XL:     7   Next: 39%
Magic:  12/12      EV: 12    Int: 21    God:    Gozag
Gold:   440        SH:  0    Dex: 11    Spells: 6/13 levels left

rFire   . . .      SeeInvis .   g - +0 short sword
rCold   . . .      Faith    .   (no shield)
rNeg    . . .      Spirit   .   a - +0 robe
rPois   .          Reflect  .   (helmet restricted)
rElec   .          Harm     .   (no cloak)
rCorr   .          Rampage  .   (no gloves)
Will    .....                   (no boots)
Stlth   ++........              (no amulet)
HPRegen 0.17/turn               (no ring)
MPRegen 0.13/turn               (no ring)

@: no status effects
A: hooves 1, horns 1, powered by death 1, demonic touch 2
a: Renounce Religion, Potion Petition, Call Merchant, Bribe Branch


You were on level 5 of the Dungeon.
You worshipped Gozag.
Gozag was aware of your devotion.
You visited 1 branch of the dungeon, and saw 5 of its levels.

You collected 488 gold pieces.
You paid 48 gold pieces to Gozag.

Inventory:

Hand Weapons
 b - a +0 flail
 g - a +0 short sword (weapon)
 h - a +2 mace of draining
 k - a +0 dagger
Missiles
 j - 3 poisoned darts
Armour
 a - a +0 robe (worn)
Jewellery
 n - an amulet of the acrobat
Wands
 m - a wand of flame (9)
 v - a wand of charming (11)
Scrolls
 d - 3 scrolls of teleportation
 e - 2 scrolls of blinking {unknown}
 o - a scroll of vulnerability {unknown}
 p - 5 scrolls of identify {unknown}
 r - a scroll of amnesia
 s - a scroll of enchant weapon {unknown}
 t - a scroll of fear {unknown}
 u - a scroll of poison {unknown}
 w - a scroll of immolation {unknown}
 x - 2 scrolls of enchant armour {unknown}
Potions
 c - 6 potions of curing {unknown}
 f - a potion of lignification {unknown}
 i - 2 potions of heal wounds {unknown}
 l - a potion of might {unknown}
 q - a potion of degeneration {unknown}


   Skills:
 * Level 3.7 Fighting
 + Level 3.3 Dodging
 + Level 3.6 Stealth
 + Level 3.5 Spellcasting
 + Level 5.1 Conjurations
 + Level 2.4 Hexes


You had 6 spell levels left.
You knew the following spells:

 Your Spells              Type           Power      Damage    Failure   Level
a - Magic Dart            Conj           100%       1d8       1%          1
b - Searing Ray           Conj           50%        2d6       2%          2
c - Dazzling Flash        Conj/Hex       38%        N/A       8%          3
d - Apportation           Tloc           6%         N/A       13%         1

Your spell library contained the following spells:

 Spells                   Type           Power      Damage    Failure   Level
 Fulminant Prism          Conj/Hex       9%         3d7       26%         4
 Iskenderun's Mystic Bla  Conj/Tloc      14%        2d5       41%         4
 Alistair's Intoxication  Tmut/Pois      2%         N/A       98%         5


Dungeon Overview and Level Annotations

Branches:
Dungeon (5/15)
 Temple: D:4-7

Altars:
Ashenzari
Gozag
Qazlal

Annotations:
D:4 2 transporters, Cormac's ghost, amateur GrBe


Innate Abilities, Weirdness & Mutations

You have large cloven feet.
You have a pair of small horns on your head.
You regenerate a little health from kills.
Your touch may inflict irresistible damage on your foes.


Message History

The centaur hits you but does no damage.
The centaur barely misses you.
Casting: Searing Ray (safe; 2% risk of failure)
Confirm with . or Enter, or press ? or * to list all spells.
Aiming: Searing Ray (safe; 2% risk of failure)
Press: ? - help, Shift-Dir - straight line, f - phantom
Aim: a phantom (dormant, 100% to hit)
Okay, then.
The centaur attacks as you move away! The centaur hits you.
The centaur kicks you but does no damage.
The centaur wields a +0 shortbow.
The centaur shoots an arrow.
The arrow closely misses you.
The centaur shoots an arrow.
The arrow misses you.
The centaur shoots an arrow.
The arrow barely misses you.
The centaur shoots an arrow.
The arrow hits you!
Casting: Searing Ray (safe; 2% risk of failure)
Confirm with . or Enter, or press ? or * to list all spells.
Aiming: Searing Ray (safe; 2% risk of failure)
Press: ? - help, Shift-Dir - straight line
Okay, then.
The centaur shoots an arrow.
The arrow hits you. The phantom closely misses you.
The centaur shoots an arrow.
The arrow barely misses you.
You hit the phantom. You kick the phantom.
The phantom is lightly damaged.
The phantom misses you.
You hit the centaur but do no damage. Your kick misses the centaur.
The centaur is lightly wounded.
The centaur unwields a +0 shortbow.
The centaur closely misses you. The centaur misses you. The phantom hits you.
The phantom blinks!
You blink.
The centaur wields a +0 shortbow.
The centaur shoots an arrow.
The arrow hits you. The phantom hits you!
The phantom blinks!
You blink.
The phantom attacks as you move away! The phantom hits you.
* * * LOW HITPOINT WARNING * * *
The centaur shoots an arrow.
The arrow barely misses you. The phantom hits you.
* * * LOW HITPOINT WARNING * * *
The centaur shoots an arrow.
The arrow hits you!
You die...
Your body crumbles into a pile of gold.

..## #.....#.....#....#.#
...###########>....###...#.##...#
.........(..##.....##......##.###
...........§##..####......###.#
.#...§.)...§...<).........###.#
.....§§..............####..#..#
..≈≈≈≈≈≈≈≈≈...........# #....####
..≈..§.§..≈.....^....># #.#......
....≈≈≈≈≈.≈.....@.....###...#####
..≈.≈...≈.≈....W......#.......# #
..≈.≈._.≈.≈...................#
..≈.≈...≈.≈.#.........#........
..§.≈≈.≈≈.§...........#.#...####
..≈.... ..≈...........c.c.....#
..§§≈≈≈ ≈§≈.......:...........#
#..§.. ...[..................#
#..#. #....#................#


You could see a phantom and a centaur.

Vanquished Creatures
  Prince Ribbit (D:5)
  An ogre (D:5)
  A phantom (D:5)
  A scorpion (D:4)
  2 hounds
  An iguana (D:5)
  Ijyb (D:5)
  Terence (D:3)
  3 gnolls (D:5)
  5 adders
  3 dart slugs
  6 orcs
  6 endoplasms
  A giant cockroach (D:4)
  8 goblins
  5 hobgoblins
  3 jackals (D:4)
  4 quokkas
  17 ball pythons
  9 bats
  5 frilled lizards
  6 kobolds
  6 rats
96 creatures vanquished.

Notes
Turn   | Place    | Note
-------+----------+-------------------------------------------
     0 | D:1      | croobank the Demonspawn Conjurer began the quest for the
                  | Orb.
     0 | D:1      | Reached XP level 1. HP: 13/13 MP: 3/3
   218 | D:1      | Gained mutation: You regenerate a little health from kills.
                  | [demonic ancestry]
   218 | D:1      | Reached XP level 2. HP: 18/19 MP: 1/5
   221 | D:1      | Learned a level 2 spell: Searing Ray
  1037 | D:2      | Discovered your monstrous ancestry.
  1037 | D:2      | Gained mutation: You have a pair of small horns on your
                  | head. [demonic ancestry]
  1037 | D:2      | Reached XP level 3. HP: 24/24 MP: 2/6
  1041 | D:2      | Learned a level 3 spell: Dazzling Flash
  1318 | D:2      | Found a broken altar of Ashenzari.
  2070 | D:3      | Noticed Terence
  2084 | D:3      | Killed Terence
  2085 | D:3      | Reached skill level 1 in Fighting
  2086 | D:3      | Reached XP level 4. HP: 24/32 MP: 2/7
  2429 | D:3      | Found a faded altar of an unknown god.
  2662 | D:3      | Found an opulent altar of Gozag.
  2675 | D:3      | Became a worshipper of Gozag Ym Sagoz the Greedy
  2700 | D:3      | Learned a level 1 spell: Apportation
  3168 | D:3      | Reached skill level 1 in Hexes
  3255 | D:4      | Noticed a scorpion
  3261 | D:4      | Killed a scorpion
  3262 | D:4      | Gained mutation: You have large cloven feet. [demonic
                  | ancestry]
  3262 | D:4      | Reached XP level 5. HP: 33/38 MP: 0/9
  3593 | D:4      | Found a transporter.
  3594 | D:4      | Noticed Cormac's ghost (amateur GrBe)
  3782 | D:4      | Found a transporter.
  4199 | D:5      | Entered Level 5 of the Dungeon
  4199 | D:5      | Noticed a phantom
  4205 | D:5      | Killed a phantom
  4206 | D:5      | Gained mutation: Your touch may inflict minor irresistible
                  | damage on your foes. [demonic ancestry]
  4206 | D:5      | Reached XP level 6. HP: 41/46 MP: 3/10
  4275 | D:5      | Noticed Prince Ribbit
  4276 | D:5      | Noticed Ijyb
  4284 | D:5      | Killed Prince Ribbit
  4285 | D:5      | Reached skill level 5 in Conjurations
  4361 | D:5      | Killed Ijyb
  4362 | D:5      | Gained mutation: Your touch may inflict irresistible damage
                  | on your foes. [demonic ancestry]
  4362 | D:5      | Reached XP level 7. HP: 20/52 MP: 2/11
  4711 | D:5      | Found a stormy altar of Qazlal.
  5127 | D:5      | Shot with an arrow by a centaur

Illustrated notes

Levels and vault maps discovered:
D:1:      nzn_arrival_depleted_hourglass, layout_rooms, minmay_distorted
D:2:      layout_loops_ring, basic_altar, nicolae_titane
D:3:      layout_rooms, nicolae_gozag_cash_rules_everything_around_me,
          chequers_ecumenical_altar_grove, minmay_snake_closets, uniq_terence
D:4:      layout_loops_ring, gammafunk_ghost_stat_death
D:5:      layout_rooms, mainiacjoe_overflow_concentric_impassable,
          serial_curves, eino_curves_04, eino_curves_03, hangedman_decor_points,
          kennysheep_generic_room_7, uniq_prince_ribbit1, uniq_ijyb

Skill      XL: |  1  2  3  4  5  6 |
---------------+-------------------+-----
Dodging        | 2 3 |  3.3
Stealth        | 2 3 |  3.6
Fighting       | 1 2 3 |  3.7
Hexes          | 1 2 |  2.4
Spellcasting   | 3 |  3.5
Conjurations   | 5 |  5.1

Action                   |  1- 3 |  4- 6 |  7- 9 || total
-------------------------+-------+-------+-------++-------
Melee: Unarmed           |     2 |       |       ||     2
       Short sword       |     8 |    24 |     8 ||    40
       Headbutt          |     1 |     2 |       ||     3
       Kick              |       |     3 |     4 ||     7
 Cast: Magic Dart        |    62 |    22 |    11 ||    95
       Searing Ray       |     3 |    28 |     6 ||    37
       Dazzling Flash    |       |     1 |       ||     1
Evoke: Wand              |       |       |     2 ||     2
  Use: Scroll            |     4 |       |       ||     4
       Potion            |     1 |       |       ||     1
 Stab: Sleeping          |       |     4 |     1 ||     5
Armor: Robe              |     8 |     3 |     3 ||    14
Dodge: Dodged            |    19 |    23 |    17 ||    59
